 Dungeon Crawl Stone Soup version 0.31-a0-728-g01b46875f1 (webtiles) character file.

Game seed: 4578991674137014055

234 Nick1 the Digger (level 5, -2/35 HPs)
             Began as a Vampire Earth Elementalist on Sept 11, 2023.
             Slain by an iguana (12 damage)
             ... on level 4 of the Dungeon on Sept 12, 2023.
             The game lasted 00:30:02 (2461 turns).

Nick1 the Digger (Vampire Earth Elementalist)       Turns: 2461, Time: 00:30:02

Health: -2/35      AC:  3    Str:  7    XL:     5   Next: 75%
Magic:  3/10       EV: 12    Int: 20    God:
Gold:   205        SH:  0    Dex: 14    Spells: 1/11 levels left

rFire   . . .        j - +0 dagger
rCold   . . .        (no shield)
rNeg    . . .        u - +0 robe {Will+}
rPois   .            (no helmet)
rElec   .            (no cloak)
rCorr   .            f - +0 pair of gloves
SInv    +            (no boots)
Will    +....        (no amulet)
Stlth   +++          (no ring)
HPRegen 0.45/turn    (no ring)
MPRegen 0.12/turn

%: no passive effects
@: healing quickly
A: alive, fangs 3, see invisible, vampiric 2
a: Exsanguinate


You were on level 4 of the Dungeon.
You visited 1 branch of the dungeon, and saw 4 of its levels.

You collected 205 gold pieces.

Inventory:

Hand Weapons
 j - a +0 dagger (weapon)
 s - a +0 dagger
Missiles
 e - 31 stones (quivered)
Armour
 a - a +0 robe
 d - a +0 ring mail of poison resistance
 f - a +0 pair of gloves (worn)
 t - a +0 leather armour of fire resistance
 u - a +0 robe of willpower (worn)
Scrolls
 g - a scroll of blinking
 h - 2 scrolls of revelation
 i - a scroll of poison
 k - a scroll of torment
 l - 2 scrolls of teleportation
 m - a scroll of amnesia {unknown}
 n - a scroll of immolation {unknown}
 o - 3 scrolls of fog {unknown}
 p - a scroll of vulnerability {unknown}
 r - a scroll of noise {unknown}
 v - a scroll of fear {unknown}
 x - a scroll of identify
Potions
 b - a potion of magic
 c - a potion of invisibility
 q - a potion of curing {unknown}
 w - a potion of heal wounds


   Skills:
 * Level 2.5 Dodging
 * Level 4.0 Stealth
 * Level 1.4 Unarmed Combat
 * Level 3.6 Spellcasting
 + Level 1.1 Transmutations
 * Level 4.7 Earth Magic


You had one spell level left.
You knew the following spells:

 Your Spells              Type           Power      Damage    Failure   Level
a - Sandblast             Erth           44%        2d11      1%          1
b - Passwall              Tmut/Erth      12%        N/A       6%          2
c - Stone Arrow           Conj/Erth      26%        3d8       16%         3
d - Petrify               Tmut/Erth      15%        N/A       36%         4

Your spell library contained the following spells:

 Spells                   Type           Power      Damage    Failure   Level


Dungeon Overview and Level Annotations

Branches:
Dungeon (4/15)
 Temple: D:4-7

Altars:

Shops:
D:3 (

Annotations:
D:4 Eustachio


Innate Abilities, Weirdness & Mutations

Your natural rate of healing is accelerated.
You have razor-sharp teeth.
You have supernaturally acute eyesight. (SInv)
You are afflicted with vampirism and can become a bat while bloodless.


Message History

Confirm with . or Enter, or press ? or * to list all spells.
Aiming: Sandblast (safe; 1% risk of failure)
Press: ? - help, Shift-Dir - straight line, f/p - iguana
Aim: an iguana (85% to hit)
The blast of sand misses the ball python.
The blast of sand hits the gnoll.
The gnoll is moderately wounded.
The ball python barely misses you. The ball python constricts you.
Casting: Sandblast (safe; 1% risk of failure)
Confirm with . or Enter, or press ? or * to list all spells.
Aiming: Sandblast (safe; 1% risk of failure)
Press: ? - help, Shift-Dir - straight line, f/p - iguana
Aim: an iguana (85% to hit)
The blast of sand hits the ball python!
You kill the ball python!
The gnoll misses you. The gnoll attacks as it pursues you!
The gnoll hits you with a +0 club. The gnoll attacks as it pursues you!
The gnoll hits you with a +0 club.
You see here a scroll of identify.
x - a scroll of identify
Casting: Sandblast (safe; 1% risk of failure)
Confirm with . or Enter, or press ? or * to list all spells.
Aiming: Sandblast (safe; 1% risk of failure)
Press: ? - help, Shift-Dir - straight line, f/p - iguana
Aim: an iguana (85% to hit)
The blast of sand hits the gnoll!
You kill the gnoll!
The giant cockroach barely misses you.
Casting: Sandblast (safe; 1% risk of failure)
Confirm with . or Enter, or press ? or * to list all spells.
Aiming: Sandblast (safe; 1% risk of failure)
Press: ? - help, Shift-Dir - straight line, f/p - iguana
Aim: an iguana (85% to hit)
The blast of sand hits the giant cockroach!
You kill the giant cockroach!
The iguana bites you!
* * * LOW HITPOINT WARNING * * *
The iguana attacks as it pursues you! The iguana barely misses you.
The iguana attacks as it pursues you! The iguana bites you!
You die...

##.. ..#.....#
#...#####.#..####
:..>#.#.#.)# .#.
.....#.#..#
....###.#.#.#..#
.....!......#..#
............#..####
#.###..........#.....#
...........#.@.#..####
#.....#.....l..#..#
#.###....(...#.#..#
#..##.....g###.#..#
####..=.......# #)#..#
..............###.#..#
#................#..#
#†##.###.#..........#
#.##..)..###.#####.##


You could see an iguana and a gnoll.

Vanquished Creatures
  A scorpion (D:3)
  3 adders
  6 gnolls
  A dart slug (D:3)
  5 orcs (D:3)
  4 bats
  9 endoplasms
  2 giant cockroaches
  5 goblins
  8 hobgoblins
  9 jackals
  3 quokkas (D:2)
  7 ball pythons
  7 frilled lizards
  4 kobolds
  6 rats
80 creatures vanquished.

Notes
Turn   | Place    | Note
-------+----------+-------------------------------------------
     0 | D:1      | Nick1 the Vampire Earth Elementalist began the quest for
                  | the Orb.
     0 | D:1      | Reached XP level 1. HP: 13/13 MP: 3/3
   171 | D:1      | Reached XP level 2. HP: 19/19 MP: 3/5
   174 | D:1      | Learned a level 2 spell: Passwall
   390 | D:1      | Found a faded altar of an unknown god.
   607 | D:1      | Gained mutation: You are afflicted with vampirism and can
                  | become a bat while bloodless. [Vampire growth]
   607 | D:1      | Reached XP level 3. HP: 24/24 MP: 0/6
   611 | D:1      | Learned a level 3 spell: Stone Arrow
   978 | D:2      | Reached skill level 1 in Unarmed Combat
   978 | D:2      | Reached XP level 4. HP: 20/30 MP: 2/8
  1638 | D:3      | Noticed a scorpion
  1658 | D:3      | Killed a scorpion
  1659 | D:3      | Reached XP level 5. HP: 14/35 MP: 0/10
  1664 | D:3      | Learned a level 4 spell: Petrify
  1870 | D:3      | Found Otat's Antique Weapon Shoppe.
  2429 | D:4      | Noticed Eustachio
  2461 | D:4      | Slain by an iguana

Illustrated notes

Levels and vault maps discovered:
D:1:      heliophobic_arrival_henge, layout_basic, basic_ecumenical_altar
D:2:      layout_basic, st_stairs_5, minmay_fountain_box, serial_bayou_lake_a
D:3:      layout_basic, serial_shops, shop_statue
D:4:      layout_basic, chequers_serial_rivers_micro_d, uniq_natasha,
          uniq_eustachio

Skill      XL: |  1  2  3  4 |
---------------+-------------+-----
Unarmed Combat | 1 |  1.4
Earth Magic    | 4 |  4.7
Spellcasting   | 3 |  3.6
Stealth        | 4 |  4.0
Dodging        | |  2.5
Transmutations | |  1.1

Action                     |  1- 3 |  4- 6 || total
---------------------------+-------+-------++-------
  Melee: Unarmed           |       |    26 ||    26
         Bite              |       |     2 ||     2
         Dagger            |       |     9 ||     9
   Cast: Sandblast         |    49 |    41 ||    90
         Stone Arrow       |       |    20 ||    20
         Passwall          |       |     1 ||     1
    Use: Scroll            |       |     6 ||     6
         Potion            |       |     1 ||     1
 Armour: Robe              |     7 |    54 ||    61
  Dodge: Dodged            |     8 |    67 ||    75

Table legend: (Time is in decaauts)
 A = Elapsed time spent in this place.
 B = Non-inter-level travel time spent in this place.
 C = Inter-level travel time spent in this place.
 D = Time resting spent in this place.
 E = Time spent auto-exploring this place.
 F = Levels seen in this place.
 G = Mean time per level.
                   A        B        C        D        E       F      G
               +--------+--------+--------+--------+--------+-----+--------+
         Total |   2517 |   2442 |     75 |      0 |    852 |   4 |  629.2 |
       Dungeon |   2517 |   2442 |     75 |      0 |    852 |   4 |  629.2 |
               +--------+--------+--------+--------+--------+-----+--------+

Top non-repeatable levels by time:
     D:1: 882 daAuts
     D:2: 714 daAuts
     D:3: 676 daAuts
     D:4: 243 daAuts
